 Dungeon Sprint DCSS version 0.21-a0-47-g7c8f537 (webtiles) character file.

2692 Kidiri the Grappler (level 9, -10/93 HPs)
             Began as a Troll Monk on June 8, 2017.
             Was an Elder of Wu Jian.
             Mangled by a ten-headed hydra (11 damage)
             ... in the Dungeon (Sprint IX: "|||||||||||||||||||||||||||||").
             The game lasted 00:02:39 (655 turns).

Kidiri the Grappler (Troll Monk)                     Turns: 655, Time: 00:02:39

Health: -10/93     AC:  7    Str: 27    XL:     9   Next: 38%
Magic:  8/8        EV: 16    Int:  6    God:    Wu Jian [****..]
Gold:   0          SH:  0    Dex: 15    Spells: 8/8 levels left

rFire    . . .     SeeInvis .     - Unarmed
rCold    . . .     Gourm    +   (no shield)
rNeg     . . .     Faith    .   a - +2 robe
rPois    .         Spirit   .   (helmet restricted)
rElec    .         Reflect  .   (no cloak)
rCorr    .         Harm     .   (gloves unavailable)
MR       .....     NoTele   +   (boots unavailable)
Stlth    ++........             (no amulet)
Regen    0.7/turn               n - +3 ring of strength
MPRegen  0.2/turn               o - +3 ring of strength

@: glowing, serpent's lash, heavenly storm
A: unfitting armour, claws 3, fast metabolism 3, gourmand, mutation resistance
1, regeneration 1, shaggy fur 1, tough skin 2, MP-powered wands
a: Serpent's Lash, Renounce Religion


You were in the Dungeon.
You worshipped Wu Jian.
Wu Jian was greatly pleased with you.
You were completely stuffed.

You visited 1 branch

Inventory:

Armour
 a - a +2 robe (worn)
Jewellery
 n - a +3 ring of strength (left claw)
 o - a +3 ring of strength (right claw)
Wands
 m - a wand of iceblast (7/15)
Scrolls
 h - 2 scrolls of blinking
 k - 3 scrolls of remove curse
 l - 2 scrolls of amnesia
 r - a scroll of fog
 s - a scroll of fear
 t - a scroll of identify
 u - a scroll of recharging
Potions
 c - 3 potions of curing
 d - 2 potions of heal wounds
 e - a potion of haste
 f - 4 potions of magic
 g - 2 potions of berserk rage
 j - a potion of invisibility
 p - 2 potions of brilliance
Comestibles
 b - 2 bread rations
 i - 5 chunks of flesh


   Skills:
 + Level 7.0 Fighting
 + Level 6.3 Armour
 * Level 9.6 Dodging
 * Level 7.1 Stealth
 * Level 11.4 Unarmed Combat


You had 8 spell levels left.
You didn't know any spells.

Dungeon Overview and Level Annotations

Branches:
Dungeon (1/1)

Altars:
Cheibriados
Dithmenos
Elyvilon
Fedhas
Gozag
Hepliaklqana
Kikubaaqudgha
Makhleb
Nemelex Xobeh
Okawaru
Qazlal
Ru
Sif Muna
Trog
Uskayaw
Vehumet
Wu Jian
Xom
Yredelemnul
Zin
The Shining One
Beogh
Jiyva
Lugonu


Innate Abilities, Weirdness & Mutations

You are too large for most types of armour.
You have claws for hands.
Your metabolism is lightning-fast.
You like to eat raw meat.
Your natural rate of healing is unusually fast.
You are covered in fur. (AC +1)
You have very tough skin. (AC +2)
You are somewhat resistant to further mutation.
You expend magic power (3 MP) to strengthen your wands.


Message History

* * * LOW HITPOINT WARNING * * *
The nine-headed hydra closely misses you.
The nine-headed hydra bites you.
* * * LOW HITPOINT WARNING * * *
The nine-headed hydra bites you!
* * * LOW HITPOINT WARNING * * *
The nine-headed hydra bites you but does no damage.
The nine-headed hydra completely misses you.
You tear one of the nine-headed hydra's heads off!
The eight-headed hydra grows two more!
You mangle the ten-headed hydra!!
The ten-headed hydra is heavily wounded.
You hear a loud, deep croak! x2
The ten-headed hydra closely misses you.
The ten-headed hydra bites you!
* * * LOW HITPOINT WARNING * * *
The ten-headed hydra closely misses you.
The ten-headed hydra misses you.
The ten-headed hydra closely misses you.
The ten-headed hydra barely misses you. The ten-headed hydra bites you!
You die...

▓▓▓▓▓▓▓▓▓▓▓▓▓▓▓▓▓▓▓▓▓▓▓▓▓▓▓▓▓▓▓▓▓
[[)|..'________________________'.
▓▓▓▓▓▓▓▓▓▓▓▓▓▓▓▓▓▓▓▓▓▓▓▓▓▓▓▓▓▓▓▓▓
.................................
▓▓▓▓▓▓▓▓▓▓▓▓▓▓▓▓▓▓▓▓▓▓▓▓▓▓▓▓▓▓▓▓▓
FFHtllD@§§.....%.'......
▓▓▓▓▓▓▓▓▓▓▓▓▓▓▓▓▓▓▓▓▓▓▓▓


You could see a ten-headed hydra and a basilisk.

Vanquished Creatures
  A centaur warrior (D)
  An unseen horror (D)
  A spiny frog (D)
  A rime drake (D)
  A hippogriff (D)
  2 yaks (D)
  2 porcupines (D)
  2 crocodiles (D)
  A big kobold (D)
  3 bullfrogs (D)
  A jelly (D)
  An iguana (D)
  3 worker ants (D)
  An adder (D)
  An adder skeleton (D)
  A leopard gecko (D)
  A bat skeleton (D)
  2 goblins (D)
  A leopard gecko skeleton (D)
  A quokka skeleton (D)
  2 rats (D)
30 creatures vanquished.

Vanquished Creatures (others)
  A shadow (D)
1 creature vanquished.

Grand Total: 31 creatures vanquished

Notes
Turn   | Place    | Note
-------+----------+-------------------------------------------
     0 | D        | Kidiri the Troll Monk began the quest for the Orb.
     0 | D        | Reached XP level 1. HP: 22/22 MP: 0/0
   102 | D        | Noticed a worker ant
   102 | D        | Noticed a worker ant
   103 | D        | Reached skill level 1 in Armour
   103 | D        | Reached XP level 2. HP: 29/29 MP: 1/1
   107 | D        | Reached skill level 4 in Unarmed Combat
   107 | D        | Reached XP level 3. HP: 35/37 MP: 2/2
   122 | D        | Found a roughly hewn altar of Beogh.
   122 | D        | Found a snail-covered altar of Cheibriados.
   122 | D        | Found a shadowy altar of Dithmenos.
   122 | D        | Found a white marble altar of Elyvilon.
   122 | D        | Found a blossoming altar of Fedhas.
   122 | D        | Found an opulent altar of Gozag.
   123 | D        | Found a hazy altar of Hepliaklqana.
   124 | D        | Found a viscous altar of Jiyva.
   125 | D        | Found an ancient bone altar of Kikubaaqudgha.
   126 | D        | Found a corrupted altar of Lugonu.
   127 | D        | Found a burning altar of Makhleb.
   128 | D        | Found a sparkling altar of Nemelex Xobeh.
   129 | D        | Found an iron altar of Okawaru.
   130 | D        | Found a stormy altar of Qazlal.
   131 | D        | Found a sacrificial altar of Ru.
   132 | D        | Found a deep blue altar of Sif Muna.
   133 | D        | Found a bloodstained altar of Trog.
   134 | D        | Found a hide-covered altar of Uskayaw.
   135 | D        | Found a radiant altar of Vehumet.
   136 | D        | Found an ornate altar of the Wu Jian Council.
   137 | D        | Found a shimmering altar of Xom.
   138 | D        | Found a basalt altar of Yredelemnul.
   139 | D        | Found a glowing silver altar of Zin.
   140 | D        | Found a glowing golden altar of the Shining One.
   146 | D        | Became a worshipper of the Wu Jian Council
   146 | D        | Reached * piety under Wu Jian
   146 | D        | Reached ** piety under Wu Jian
   169 | D        | Noticed a bullfrog
   169 | D        | Noticed a bullfrog
   181 | D        | Reached skill level 5 in Unarmed Combat
   181 | D        | Reached XP level 4. HP: 31/45 MP: 3/3
   189 | D        | Reached XP level 5. HP: 19/54 MP: 4/4
   193 | D        | HP: 2/54 [bullfrog (8)]
   195 | D        | Reached *** piety under Wu Jian
   195 | D        | Reached skill level 5 in Dodging
   195 | D        | Reached skill level 6 in Unarmed Combat
   202 | D        | Reached XP level 6. HP: 29/63 MP: 5/5
   262 | D        | Noticed a centaur warrior
   262 | D        | Noticed a shadow
   262 | D        | Noticed a yak
   269 | D        | Killed a yak
   269 | D        | Reached skill level 7 in Unarmed Combat
   276 | D        | Reached **** piety under Wu Jian
   276 | D        | Reached skill level 5 in Fighting
   276 | D        | Reached skill level 8 in Unarmed Combat
   280 | D        | Killed an unseen horror
   280 | D        | Reached skill level 5 in Stealth
   280 | D        | Reached skill level 9 in Unarmed Combat
   280 | D        | Reached XP level 7. HP: 23/72 MP: 6/6
   281 | D        | Killed a shadow
   288 | D        | Killed a centaur warrior
   288 | D        | Reached skill level 5 in Armour
   288 | D        | Reached skill level 10 in Unarmed Combat
   288 | D        | Reached XP level 8. HP: 23/83 MP: 7/7
   467 | D        | Gained mutation: You expend magic power (3 MP) to strengthen your wands. [potion of mutation]
   467 | D        | Gained mutation: You are somewhat resistant to further mutation. [potion of mutation]
   490 | D        | Noticed a spiny frog
   490 | D        | Noticed a hippogriff
   490 | D        | Killed a hippogriff
   490 | D        | Noticed a rime drake
   502 | D        | Reached ***** piety under Wu Jian
   509 | D        | Killed a spiny frog
   509 | D        | Reached XP level 9. HP: 30/92 MP: 8/8
   510 | D        | Reached skill level 11 in Unarmed Combat
   525 | D        | HP: 3/92 [rime drake (5)]
   529 | D        | Killed a rime drake
   649 | D        | Noticed a six-headed hydra
   655 | D        | HP: 1/93 [ten-headed hydra (10)]
   655 | D        | Mangled by a ten-headed hydra

Vault maps used:
D:        linesprint

Skill      XL: |  1  2  3  4  5  6  7  8  9 |
---------------+----------------------------+-----
Armour         | 1 2 3 4 5 6 |  6.3
Fighting       | 3 4 5 6 7 |  7.0
Dodging        | 3 4 5 7 8 9 |  9.6
Stealth        | 2 3 4 5 6 7 |  7.1
Unarmed Combat | 4 5 6 9 10 11 | 11.4

Action                   |  1- 3 |  4- 6 |  7- 9 || total
-------------------------+-------+-------+-------++-------
Melee: Unarmed           |    33 |    38 |    58 ||   129
       Punch             |     2 |     3 |     5 ||    10
Invok: Serpent's Lash    |       |       |     2 ||     2
       Heavenly Storm    |       |       |     1 ||     1
  Use: Potion            |     2 |     1 |     5 ||     8
       Scroll            |       |       |     2 ||     2
 Stab: Sleeping          |       |       |     3 ||     3
  Eat: Chunk             |     5 |     3 |     4 ||    12
Armor: Robe              |     6 |    11 |     7 ||    24
Dodge: Dodged            |    13 |     8 |    29 ||    50
